 Dungeon Sprint DCSS version 0.32-a0-799-g95e1662365 (webtiles) character file.

Game seed: 12949058231399247104

708 rocky1 the Fighter (level 7, -10/91 HPs)
             Began as an Oni Berserker on Mar 22, 2024.
             Was an Elder of Trog.
             Mangled by a two-headed ogre
             ... wielding a +0 giant spiked club
              (23 damage)
             ... in the Dungeon (Sprint IX: "|||||||||||||||||||||||||||||").
             The game lasted 00:01:27 (447 turns).

rocky1 the Fighter (Oni Berserker)                   Turns: 447, Time: 00:01:28

Health: -10/91     AC: 11    Str: 24    XL:     7   Next: 67%
Magic:  7/7        EV: 10    Int:  8    God:    Trog [****..]
Gold:   0          SH:  0    Dex:  8    Spells: 6/6 levels left

rFire   . . .        n - +2 morningstar (protect)
rCold   . . .        (no shield)
rNeg    . . .        b - +0 animal skin
rPois   .            (helmet restricted)
rElec   .            m - +0 cloak
rCorr   .            (gloves unavailable)
SInv    .            (boots unavailable)
Will    .....        (no amulet)
Stlth   +            (no ring)
HPRegen 0.35/turn    (no ring)
MPRegen 0.10/turn

%: no teleportation
@: under a protective aura, on berserk cooldown, slowed, very slow
A: large, unfitting armour, horns 1, tough skin 1, double potion healing,
drunken brawling
a: Renounce Religion, Berserk, Trog's Hand, Brothers in Arms


You were in the Dungeon.
You worshipped Trog.
Trog was greatly pleased with you.
You visited 1 branch

Inventory:

Hand Weapons
 a - a +0 mace
 n - a +2 morningstar of protection (weapon)
Armour
 b - a +0 animal skin (worn)
 m - a +0 cloak (worn)
Jewellery
 k - a +3 ring of strength
 l - a +3 ring of intelligence
Wands
 j - a wand of roots (10)
Scrolls
 h - 2 scrolls of blinking
Potions
 c - 5 potions of curing
 d - 3 potions of heal wounds
 e - a potion of haste
 f - 4 potions of magic
 g - a potion of berserk rage
 i - a potion of invisibility


   Skills:
 + Level 12.0 Fighting
 + Level 11.3 Maces & Flails
 + Level 7.9 Dodging
 + Level 1.5 Stealth


You had 6 spell levels left.
You didn't know any spells.
Your spell library was empty.

Dungeon Overview and Level Annotations

Branches:
Dungeon (1/1)

Altars:
Cheibriados
Dithmenos
Elyvilon
Fedhas
Gozag
Hepliaklqana
Kikubaaqudgha
Makhleb
Nemelex Xobeh
Okawaru
Qazlal
Ru
Sif Muna
Trog
Uskayaw
Vehumet
Wu Jian
Xom
Yredelemnul
Zin
The Shining One
Beogh
Jiyva
Lugonu


Innate Abilities, Weirdness & Mutations

You are too large for most types of armour.
You have a pair of small horns on your head.
You have tough skin. (AC +1)
You gain doubled healing and magic from potions.
Whenever you drink a healing potion, you attack all around you.


Message History

You are too injured to fight recklessly!
You barely miss the troll.
The troll is moderately wounded.
You puncture the troll!
The troll is severely wounded.
The troll bites you! The troll claws you but does no damage.
The troll claws you.
You closely miss the troll.
The troll is heavily wounded.
The troll bites you. The troll claws you but does no damage.
The troll closely misses you.
You closely miss the troll.
The troll is heavily wounded.
You puncture the troll!
The troll is almost dead.
The troll bites you!
* * * LOW HITPOINT WARNING * * *
The troll misses you. The troll claws you but does no damage.
You bludgeon the troll!!
You kill the troll!
Trog accepts your kill.
Your Fighting skill increases to level 12!
Your Maces & Flails skill increases to level 11!
You thump the two-headed ogre!
You headbutt the two-headed ogre, but do no damage.
The two-headed ogre is lightly wounded.
You barely miss the two-headed ogre.
The two-headed ogre is lightly wounded.
The two-headed ogre hits you with a +0 giant spiked club!!
* * * LOW HITPOINT WARNING * * *
The two-headed ogre barely misses you.
You thump the two-headed ogre!
The two-headed ogre is moderately wounded.
You impale the two-headed ogre!!
The two-headed ogre is severely wounded.
You are no longer berserk.
You are exhausted.
You feel yourself slow down.
The two-headed ogre hits you with a +0 giant spiked club!!
You die...

▓+▓
▓.▓
▓.▓
▓.▓
▓Y▓
▓T▓
▓O▓
▓@▓
▓.▓
▓.▓
▓[▓
▓[▓
▓.▓
▓.▓
▓)▓
▓?▓


You could see a two-headed ogre, a yak and a troll.

Vanquished Creatures
  2 trolls (D)
  2 phantoms (D)
  A kobold brigand (D)
  A hound (D)
  2 adders (D)
  An endoplasm (D)
  A goblin (D)
  2 kobolds (D)
  A frilled lizard (D)
13 creatures vanquished.

Notes
Turn   | Place    | Note
-------+----------+-------------------------------------------
     0 | D        | rocky1 the Oni Berserker began the quest for the Orb.
     0 | D        | Reached XP level 1. HP: 24/24 MP: 1/1
     9 | D        | Reached ** piety under Trog
    47 | D        | Noticed a hound
    47 | D        | Noticed a phantom
    47 | D        | Noticed a phantom
    53 | D        | Reached skill level 5 in Fighting
    53 | D        | Reached XP level 2. HP: 35/35 MP: 2/2
    56 | D        | Killed a phantom
    56 | D        | Reached *** piety under Trog
    57 | D        | Reached skill level 7 in Fighting
    57 | D        | Reached XP level 3. HP: 44/46 MP: 3/3
    57 | D        | Reached XP level 4. HP: 52/55 MP: 4/4
    61 | D        | Killed a phantom
    62 | D        | Reached skill level 8 in Fighting
    62 | D        | Reached skill level 5 in Dodging
    62 | D        | Reached XP level 5. HP: 64/66 MP: 5/5
    67 | D        | Reached skill level 9 in Fighting
   363 | D        | Found a roughly hewn altar of Beogh.
   363 | D        | Found a snail-covered altar of Cheibriados.
   363 | D        | Found a shadowy altar of Dithmenos.
   363 | D        | Found a white marble altar of Elyvilon.
   363 | D        | Found a blossoming altar of Fedhas.
   363 | D        | Found an opulent altar of Gozag.
   364 | D        | Found a hazy altar of Hepliaklqana.
   365 | D        | Found a viscous altar of Jiyva.
   366 | D        | Found an ancient bone altar of Kikubaaqudgha.
   367 | D        | Found a corrupted altar of Lugonu.
   368 | D        | Found a burning altar of Makhleb.
   369 | D        | Found a sparkling altar of Nemelex Xobeh.
   370 | D        | Found an iron altar of Okawaru.
   371 | D        | Found a stormy altar of Qazlal.
   372 | D        | Found a sacrificial altar of Ru.
   373 | D        | Found a shimmering blue altar of Sif Muna.
   374 | D        | Found a bloodstained altar of Trog.
   375 | D        | Found a hide-covered altar of Uskayaw.
   376 | D        | Found a radiant altar of Vehumet.
   377 | D        | Found an ornate altar of the Wu Jian Council.
   378 | D        | Found a shimmering altar of Xom.
   379 | D        | Found a basalt altar of Yredelemnul.
   380 | D        | Found a glowing silver altar of Zin.
   381 | D        | Found a glowing golden altar of the Shining One.
   427 | D        | Noticed a yak
   427 | D        | Noticed a troll
   427 | D        | Noticed a two-headed ogre
   427 | D        | Noticed a troll
   427 | D        | Noticed a kobold brigand
   427 | D        | Noticed a troll
   432 | D        | Killed a troll
   433 | D        | Reached skill level 10 in Fighting
   433 | D        | Reached skill level 10 in Maces & Flails
   433 | D        | Reached skill level 1 in Stealth
   433 | D        | Reached XP level 6. HP: 61/79 MP: 6/6
   436 | D        | Reached **** piety under Trog
   437 | D        | Reached skill level 11 in Fighting
   437 | D        | Reached XP level 7. HP: 69/88 MP: 7/7
   443 | D        | Killed a troll
   444 | D        | Reached skill level 12 in Fighting
   447 | D        | Mangled by a two-headed ogre

Illustrated notes

Levels and vault maps discovered:
D:        linesprint [early_d, line_temple, items_1, d_10, items_2, lair_1,
          lair_end, items_3, orc_1, orc_end, items_4, d_15, swamp_1, shoals_1,
          snake_1, spider_1, d_20, vaults_1, items_5, swamp_end, shoals_end,
          snake_end, spider_end, vaults_end, d_27, items_6, zot_1, zot_end,
          crypt_end, forest_end, elf_end, slime_end, tomb_end, abyss_end,
          pan_hell_end]

Skill      XL: |  1  2  3  4  5  6  7 |
---------------+----------------------+-----
Dodging        | 3 4 5 7 |  7.9
Fighting       | 5 7 8 10 11 12 | 12.0
Maces & Flails | 4 6 7 10 11 | 11.3
Stealth        | 1 |  1.5

Action                     |  1- 3 |  4- 6 |  7- 9 || total
---------------------------+-------+-------+-------++-------
  Melee: Mace              |    23 |    15 |       ||    38
         Headbutt          |     5 |     3 |     1 ||     9
         Morningstar       |       |     7 |    11 ||    18
 Invoke: Berserk           |     1 |     1 |       ||     2
 Armour: Animal skin       |    13 |    15 |    10 ||    38
  Dodge: Dodged            |     7 |    10 |     5 ||    22

Table legend: (Time is in decaauts)
 A = Elapsed time spent in this place.
 B = Non-inter-level travel time spent in this place.
 C = Inter-level travel time spent in this place.
 D = Time resting spent in this place.
 E = Time spent auto-exploring this place.
 F = Levels seen in this place.
 G = Mean time per level.
                   A        B        C        D        E       F      G
               +--------+--------+--------+--------+--------+-----+--------+
         Total |    446 |    446 |      0 |    311 |      0 |   1 |  446.0 |
       Dungeon |    446 |    446 |      0 |    311 |      0 |   1 |  446.0 |
               +--------+--------+--------+--------+--------+-----+--------+

Top non-repeatable levels by time:
       D: 446 daAuts
